 Dungeon Crawl Stone Soup version 0.27-a0-394-g49c82dfaf2 (webtiles) character file.

Game seed: 11292171554685029622

2760 dickylongcocking the Covert (level 9, -9/73 HPs)
             Began as a Demonspawn Brigand on Feb 21, 2021.
             Was an Initiate of Ashenzari.
             Mangled by an orc warrior
             ... wielding a +1 mace of holy wrath
              (28 damage)
             ... on level 8 of the Dungeon.
             The game lasted 00:06:38 (10234 turns).

dickylongcocking the Covert (Demonspawn Brigand)   Turns: 10234, Time: 00:06:38

Health: -9/73      AC: 11    Str: 12    XL:     9   Next: 41%
Magic:  9/9        EV: 10    Int: 21    God:    Ashenzari [......]
Gold:   576        SH:  4    Dex: 15    Spells: 8/8 levels left

rFire    . . .     SeeInvis .   A - +2 rapier (elec)
rCold    . . .     Faith    .   (no shield)
rNeg     . . .     Spirit   .   k - +0 ring mail
rPois    .         Reflect  .   (helmet restricted)
rElec    .         Harm     .   c - +0 cloak
rCorr    .         Rampage  .   (no gloves)
Will     .....                  C - +0 pair of boots
Stlth    +++.......             (no amulet)
HPRegen  0.22/turn              D - +6 ring of intelligence
MPRegen  0.11/turn              (no ring)

@: no status effects
A: antennae 2, demonic guardian 1, icemail 1, condensation shield
a: Renounce Religion, Curse Item


You were on level 8 of the Dungeon.
You worshipped Ashenzari.
Ashenzari was noncommittal.
You visited 2 branches of the dungeon, and saw 9 of its levels.
You also visited: Ossuary.

You collected 576 gold pieces.

Inventory:

Hand Weapons
 a - a +2 dagger
 m - a +1 short sword of electrocution
 A - a +2 rapier of electrocution (weapon)
 G - the +3 Elemental Staff {rElec rF++ rC++ Will++ AC+5}
   (You found it on level 7 of the Dungeon)

   It affects your AC (+5).
   It greatly protects you from fire.
   It greatly protects you from cold.
   It insulates you from electricity.
   It affects your willpower, your defense against some magical effects.
Missiles
 d - 28 poisoned darts (quivered)
 e - 2 curare-tipped darts
Armour
 b - a +0 robe
 c - a +0 cloak (worn)
 i - a +2 helmet
 k - a +0 ring mail (worn)
 C - a +0 pair of boots (worn)
Jewellery
 D - a +6 ring of intelligence (left hand)
Wands
 y - a wand of iceblast (9)
 z - a wand of random effects (10)
Scrolls
 f - 5 scrolls of teleportation
 g - 2 scrolls of immolation
 o - 3 scrolls of fear
 p - 3 scrolls of identify
 B - a scroll of blinking
 E - a scroll of amnesia
Potions
 h - 3 potions of cancellation
 j - 2 potions of heal wounds
 l - 2 potions of magic
 n - 2 potions of attraction
 q - a potion of degeneration
 r - a potion of lignification
 s - 3 potions of flight
 t - 3 potions of mutation
 u - 3 potions of brilliance
 v - 2 potions of resistance
 w - a potion of haste
 x - 2 potions of curing
 F - a potion of might


   Skills:
 * Level 7.7 Fighting
 - Level 6.5(6.8) Short Blades
 * Level 2.2(4.7) Long Blades
 * Level 0.5 Staves
 - Level 1.7 Throwing
 - Level 0.8 Dodging
 * Level 8.3 Stealth


You had 8 spell levels left.
You didn't know any spells.
Your spell library contained the following spells:

 Spells                   Type           Power        Failure   Level
 Shock                    Conj/Air       0%           38%         1
 Swiftness                Air            0%           52%         2
 Static Discharge         Conj/Air       0%           77%         3
 Airstrike                Air            0%           99%         4
 Lightning Bolt           Conj/Air       0%           100%        5


Dungeon Overview and Level Annotations

Branches:
Dungeon (8/15)             Temple (1/1) D:7         Ossuary (visited)
   Lair: D:8-11

Altars:
Ashenzari
Cheibriados
Dithmenos
Elyvilon
Fedhas
Gozag
Hepliaklqana
Kikubaaqudgha
Makhleb
Nemelex Xobeh
Okawaru
Qazlal
Ru
Sif Muna
Trog
Vehumet
Wu Jian
Xom
Yredelemnul
Zin
The Shining One

Shops:
D:6 =


Innate Abilities, Weirdness & Mutations

You have a pair of antennae on your head.
A weak demonic guardian rushes to your aid.
A meltable icy envelope protects you from harm. (AC +4)
A meltable shield of frost defends you. (SH +4)


Message History

Items here: )) [ ††.
Unknown command.
Unknown command.
Unknown command.
You hit the orc warrior.
Lightning courses through the orc warrior!
The orc warrior is severely wounded.
The orc warrior hits you but does no damage.
You hit the orc warrior but do no damage.
The orc warrior is severely wounded.
You closely miss the orc warrior.
The orc warrior is severely wounded.
The orc warrior barely misses you.
You hit the orc warrior.
The orc warrior is severely wounded.
The orc warrior closely misses you.
You hit the orc warrior.
The orc warrior is almost dead.
You closely miss the orc warrior.
The orc warrior is almost dead.
The orc warrior hits you with a +1 mace of holy wrath.
You convulse.
You hit the orc warrior.
The orc warrior is almost dead.
You block the orc warrior's attack.
You barely miss the orc warrior.
The orc warrior is almost dead.
You hit the orc warrior but do no damage.
The orc warrior is almost dead.
You block the orc warrior's attack.
You closely miss the orc warrior.
The orc warrior is almost dead.
The orc warrior hits you but does no damage.
Unknown command.
You completely miss the orc warrior.
The orc warrior is almost dead.
The orc warrior hits you with a +1 mace of holy wrath!!
* * * LOW HITPOINT WARNING * * *
A demonic guardian appears!
You convulse!!
You die...

#########
...)l...#
###.###l# #.# #)#
#.# #.#
###.###.##########
..............lo@#
.##..##..#######5#
#.. #..# #.#
#..##..## #.#
#...# #.#
#.#.######.#.
#.#...........
..###..#####.##
#.# ##.......#


You could see an orc warrior (ally target), an iguana and a friendly iron imp
(summoned).

Vanquished Creatures
  3 sky beasts (D:5)
  2 black bears (D:7)
  4 ogres
  4 centaurs
  An elf zombie (D:4)
  An elf skeleton (D:4)
  Blork the orc (D:5)
  A water moccasin skeleton (D:7)
  8 killer bees (D:7)
  3 wights (D:7)
  A bullfrog zombie (D:6)
  2 jellies
  2 orc priests
  2 human zombies (D:4)
  A centaur skeleton (D:5)
  3 hounds (D:7)
  A bullfrog skeleton (D:5)
  A human skeleton (D:4)
  3 worker ants
  A hound skeleton (D:4)
  8 mummies (Ossuary)
  A worker ant zombie (D:3)
  Robin (D:2)
  A howler monkey skeleton (D:7)
  7 gnolls
  7 adders
  2 white imps (D:5)
  An ufetubus (D:5)
  An ooze (D:2)
  4 worms
  4 dart slugs
  2 leopard geckos
  7 orcs
  5 bats
  2 giant cockroaches
  2 gnoll zombies (Ossuary)
  19 goblins
  14 hobgoblins
  13 jackals
  15 kobolds
  2 quokkas
  A ball python (D:3)
  8 frilled lizards
  A hobgoblin zombie (Ossuary)
  A jackal skeleton (D:7)
  A jackal zombie (D:5)
  4 kobold zombies (Ossuary)
  A leopard gecko skeleton (D:5)
  A leopard gecko zombie (D:5)
  An orc skeleton (D:4)
  An orc zombie (Ossuary)
  4 rats
187 creatures vanquished.

Vanquished Creatures (collateral kills)
  A centaur zombie (D:5)
  A worm (D:2)
  A leopard gecko (D:1)
  A hobgoblin (D:1)
  A quokka zombie (D:5)
5 creatures vanquished.

Grand Total: 192 creatures vanquished

Notes
Turn   | Place    | Note
-------+----------+-------------------------------------------
     0 | D:1      | dickylongcocking the Demonspawn Brigand began the quest for
                  | the Orb.
     0 | D:1      | Reached XP level 1. HP: 16/16 MP: 1/1
   301 | D:1      | Gained mutation: A weak demonic guardian rushes to your
                  | aid. [demonic ancestry]
   301 | D:1      | Reached XP level 2. HP: 22/22 MP: 2/2
   697 | D:1      | HP: 1/23 [hobgoblin (4)]
  1425 | D:1      | Reached skill level 4 in Stealth
  1529 | D:1      | Gained mutation: A meltable shield of frost defends you.
                  | (SH +4) [demonic ancestry]
  1529 | D:1      | Reached XP level 3. HP: 26/28 MP: 3/3
  2526 | D:2      | Reached XP level 4. HP: 34/34 MP: 4/4
  2738 | D:2      | Found a white marble altar of Elyvilon.
  2815 | D:2      | Noticed Robin
  2875 | D:2      | Killed Robin
  3537 | D:3      | Gained mutation: A meltable icy envelope protects you from
                  | harm. (AC +4) [demonic ancestry]
  3537 | D:3      | Reached XP level 5. HP: 39/41 MP: 5/5
  3603 | D:3      | Found an ornate altar of the Wu Jian Council.
  3666 | D:3      | Found an opulent altar of Gozag.
  4172 | D:3      | Found a glowing silver altar of Zin.
  4301 | D:4      | Noticed an ogre
  4312 | D:4      | Killed an ogre
  4313 | D:4      | Reached skill level 5 in Stealth
  4313 | D:4      | Reached XP level 6. HP: 31/48 MP: 6/6
  4717 | D:4      | Found a sand-covered staircase.
  4744 | Ossuary  | Entered an ossuary
  4792 | Ossuary  | Reached XP level 7. HP: 38/55 MP: 7/7
  5181 | D:4      | Found an iron altar of Okawaru.
  5229 | D:4      | Reached skill level 5 in Fighting
  5465 | D:5      | Entered Level 5 of the Dungeon
  5493 | D:5      | Reached skill level 6 in Stealth
  5782 | D:5      | Reached skill level 5 in Short Blades
  6074 | D:5      | Found a shimmering altar of Xom.
  6148 | D:5      | Noticed Blork the orc
  6155 | D:5      | Killed Blork the orc
  6250 | D:5      | Gained mutation: You have a pair of small antennae on your
                  | head. [demonic ancestry]
  6250 | D:5      | Reached XP level 8. HP: 58/64 MP: 8/8
  7399 | D:6      | Found Ibloc's Jewellery Boutique.
  7512 | D:6      | Reached skill level 7 in Stealth
  7658 | D:6      | Found a broken altar of Ashenzari.
  7943 | D:6      | Found a blossoming altar of Fedhas.
  8214 | D:7      | Found a bloodstained altar of Trog.
  8358 | D:7      | Found a staircase to the Ecumenical Temple.
  8369 | Temple   | Entered the Ecumenical Temple
  8507 | D:7      | Gained mutation: You have a pair of antennae on your head.
                  | [demonic ancestry]
  8507 | D:7      | Reached XP level 9. HP: 54/72 MP: 9/9
  8791 | D:7      | Got a glimmering falchion
  8791 | D:7      | Identified the +5 falchion of Qihom {vorpal, Fragile Int+5
                  | Dex+3} (You found it on level 7 of the Dungeon)
  8997 | D:7      | Reached skill level 8 in Stealth
  9009 | D:7      | Reached skill level 1 in Long Blades
  9394 | D:7      | Found the +3 Elemental Staff {rElec rF++ rC++ Will++ AC+5}
  9502 | D:6      | Became a worshipper of Ashenzari the Shackled
 10045 | D:7      | Found a basalt altar of Yredelemnul.
 10084 | D:8      | Found a sacrificial altar of Ru.
 10142 | D:8      | Found a burning altar of Makhleb.
 10145 | D:8      | Found an ancient bone altar of Kikubaaqudgha.
 10149 | D:8      | Found a shimmering blue altar of Sif Muna.
 10234 | D:8      | Mangled by an orc warrior

Illustrated notes

Levels and vault maps discovered:
D:1:      ncdulo_watergridlock, layout_basic, minmay_unequal
D:2:      layout_basic, elyvilon_altar_1, uniq_robin
D:3:      layout_basic, zin_scriptorium, nzn_wu_jian_contemplation,
          old_standard_altar
D:4:      corexii_shack_village, layout_basic, nicolae_ossuary_entry_catacombs,
          kennysheep_big_empty_room, minmay_tree_intersection,
          okawaru_ov_weapons_minmay
D:5:      layout_loops_corners, overflow_temple_1_default,
          amcnicky_mini_corridor_feature, kennysheep_generic_room_16,
          uniq_blork_the_orc
D:6:      layout_loops_ring, kennysheep_mini, ashenzari_conservatory_becter,
          serial_shops, shop, nrook_loot_triangle
D:7:      layout_basic, trog_ov_bears_minmay, lemuel_coloured_pillars_altar,
          minmay_temple_entry_tees
D:8:      layout_loops_ring, grunt_temple_overflow_diamond, lemuel_doored_altar,
          ebering_ghost_disaster_area, minmay_pinched_square
Temple:   nicolae_temple_figure_zero

Skill      XL: |  1  2  3  4  5  6  7  8  9 |
---------------+----------------------------+-----
Short Blades   | 2 3 4 5 6 |  6.5
Stealth        | 4 5 6 7 8 |  8.3
Fighting       | 3 4 5 7 |  7.7
Long Blades    | 2 |  2.2
Staves         | |  0.5
Throwing       | |  1.7
Dodging        | |  0.8

Action                   |  1- 3 |  4- 6 |  7- 9 || total
-------------------------+-------+-------+-------++-------
Melee: Dagger            |    66 |       |       ||    66
       Short sword       |    54 |   185 |    68 ||   307
       Rapier            |       |       |   207 ||   207
       Falchion          |       |       |    59 ||    59
       Staff             |       |       |     3 ||     3
  Use: Potion            |       |     2 |     1 ||     3
 Stab: Sleeping          |     5 |     7 |    12 ||    24
       Invisible         |       |     6 |       ||     6
       Distracted        |       |     2 |       ||     2
Armor: Robe              |    14 |       |       ||    14
       Ring mail         |    15 |    56 |   154 ||   225
Dodge: Dodged            |    56 |   110 |   156 ||   322
Block: Other             |     5 |    36 |    59 ||   100
       Rpst.: Falchion   |       |       |    10 ||    10

Table legend: (Time is in decaauts)
 A = Elapsed time spent in this place.
 B = Non-inter-level travel time spent in this place.
 C = Inter-level travel time spent in this place.
 D = Time resting spent in this place.
 E = Time spent auto-exploring this place.
 F = Levels seen in this place.
 G = Mean time per level.
                   A        B        C        D        E       F      G
               +--------+--------+--------+--------+--------+-----+--------+
         Total |  10193 |   9621 |    572 |   1362 |   6859 |  10 | 1019.3 |
       Dungeon |   9755 |   9183 |    572 |   1362 |   6518 |   8 | 1219.4 |
        Temple |    123 |    123 |      0 |      0 |    113 |   1 |  123.0 |
       Ossuary |    314 |    314 |      0 |      0 |    228 |   1 |  314.0 |
               +--------+--------+--------+--------+--------+-----+--------+

Top non-repeatable levels by time:
     D:7: 1864 daAuts
     D:5: 1797 daAuts
     D:2: 1732 daAuts
     D:1: 1661 daAuts
     D:3: 879 daAuts
     D:4: 850 daAuts
     D:6: 819 daAuts
 Ossuary: 314 daAuts
     D:8: 150 daAuts
  Temple: 123 daAuts
